AoeStats
← pataka

Baltic

510546167Analyzed
4v4 RM · 2d ago on Oct 1, 2026· 36m 10s· 8 players
Game mode
Random Map
Map size
Large (8 player)
Population
200
Speed
Normal
Resources
Standard
Victory
Conquest
Starting age
Dark Age
Ending age
Imperial Age
RankedLock teamsTeams togetherTeam positionsShared explorationLock speedFull tech treeHidden civsTurbo modeCheats
Victory
Defeat
🇨🇳 Japanese · China
1373
+10
🇹🇼 Persians · Taiwan
1331
+12
🇨🇳 Koreans · China
1314
+12
🇲🇽 Danes · Mexico
1284
+13
🇪🇸 Italians · Spain
1280
-13
🇨🇳 Khmer · China
1230
-12
🇦🇷 Byzantines · Argentina
1213
-11
🇨🇳 Magyars · China
1210
-11
derschulerin
3:21 Loom
11:41 Feudal Age
16:11 Castle Age
14:29 Double-Bit Axe
17:34 Fletching
23:07 Horse Collar
23:54 Scale Mail Armor
25:36 Chain Mail Armor
25:38 Heavy Plow
27:04 Forging
27:47 Bodkin Arrow
29:23 Iron Casting
29:51 Squires
29:37 Gambesons
30:05 Arson
37:11 Imperial Age
35:18 Wheelbarrow
野豬騎士來囉
13:14 Feudal Age
11:33 Loom
17:52 Castle Age
15:40 Double-Bit Axe
16:36 Padded Archer Armor
16:27 Fletching
16:24 Horse Collar
18:28 Medium Warships
19:32 Bow Saw
19:45 Leather Archer Armor
21:44 Bodkin Arrow
32:31 Imperial Age
30:43 Heavy Plow
31:24 Wheelbarrow
31:35 Demolition Ship
33:48 Chemistry
33:09 Ballistics
33:09 Clinker Construction
33:06 Siphons
33:14 Careening
33:39 Ring Archer Armor
33:32 Hand Cart
34:19 Two-Man Saw
34:06 Heavy Warships
33:59 Elite Cannon Galleon
wuming
2:36 Loom
3:38 Loom
11:08 Feudal Age
11:41 Fishing Lines
11:59 Double-Bit Axe
15:20 Forging
21:58 Castle Age
20:33 Fletching
20:43 Padded Archer Armor
20:48 Gold Mining
22:26 Wheelbarrow
21:39 Town Watch
21:51 Horse Collar
22:48 Bodkin Arrow
23:56 Padded Archer Armor
24:21 Ballistics
25:27 Thumb Ring
25:39 Leather Archer Armor
27:05 Bloodlines
28:50 Husbandry
30:05 Hand Cart
30:01 Bow Saw
36:52 Imperial Age
36:49 Fortified Wall
36:50 Masonry
SimonGood
6:24 Loom
8:44 Feudal Age
9:53 Double-Bit Axe
14:18 Fletching
21:55 Castle Age
21:42 Wheelbarrow
21:39 Gold Mining
21:32 Horse Collar
21:58 Crossbowman
22:42 Bodkin Arrow
23:10 Bow Saw
28:50 Ballistics
30:46 Stone Mining
36:50 Imperial Age
35:38 Gold Shaft Mining
35:41 Stone Shaft Mining
35:29 Hand Cart
随机便投
13:19 Feudal Age
14:56 Loom
20:10 Castle Age
17:59 Double-Bit Axe
19:31 Wheelbarrow
21:12 Fishing Lines
21:55 Bow Saw
21:27 Horse Collar
22:43 Heavy Plow
22:42 Stone Mining
22:42 Gold Mining
29:03 Gillnets
29:24 Medium Warships
29:56 Fletching
30:19 Demolition Ship
33:34 Wheelbarrow
pataka
9:05 Loom
11:49 Feudal Age
12:18 Double-Bit Axe
17:57 Castle Age
16:23 Forging
16:25 Horse Collar
19:17 Medium Warships
20:08 Bow Saw
21:03 Fletching
22:16 Wheelbarrow
23:36 Bodkin Arrow
24:42 Heavy Plow
24:43 Padded Archer Armor
26:44 Leather Archer Armor
26:08 Crossbowman
26:53 Thumb Ring
33:00 Imperial Age
33:08 Town Watch
SkullBump
11:55 Feudal Age
15:29 Castle Age
19:41 Loom
20:50 Double-Bit Axe
20:53 Horse Collar
22:20 Heavy Plow
23:27 Bow Saw
25:21 Stone Mining
26:29 Gold Mining
28:15 Gold Shaft Mining
29:04 Corvinian Army
32:58 Imperial Age
31:27 Scale Barding Armor
32:32 Chain Barding Armor
32:37 Bloodlines
32:27 Husbandry
33:04 Wheelbarrow
33:32 Fletching
34:04 Ballistics
33:25 Treadmill Crane
35:24 Two-Man Saw
35:06 Crop Rotation
35:26 Plate Barding Armor
34:47 Bodkin Arrow
36:01 Chemistry
35:44 Conscription
35:34 Elite Magyar Huszar
el maldito asfalto
8:11 Loom
10:24 Feudal Age
22:03 Castle Age
22:11 Demolition Ship
23:02 Medium Warships
28:42 Horse Collar
28:48 Double-Bit Axe
Connection lost

Rejoining the realm…

Still unreachable

The connection could not be restored.

Session expired

The server has moved on; the page needs a fresh start.